 Dungeon Crawl Stone Soup version 0.21.1-1-g345015fe64 (webtiles) character file.

146 Freyura the Slasher (level 5, -1/44 HPs)
             Began as a Naga Fighter on May 3, 2018.
             Slain by an ooze (2 damage)
             ... on level 3 of the Dungeon.
             The game lasted 00:09:43 (2264 turns).

Freyura the Slasher (Naga Fighter)                  Turns: 2264, Time: 00:09:44

Health: -1/44      AC: 10    Str: 15 (18) XL:     5   Next: 28%
Magic:  5/5        EV: -1    Int:  6 (8)  God:
Gold:   49         SH:  8    Dex:  9 (12) Spells: 4/4 levels left

rFire    . . .     SeeInvis +   a - +0 long sword
rCold    . . .     Gourm    .   c - +0 shield
rNeg     + . .     Faith    .   l - +0 crystal plate armour (curse)
rPois    +         Spirit   .   (no helmet)
rElec    .         Reflect  .   (no cloak)
rCorr    .         Harm     .   (no gloves)
MR       .....                  (no barding)
Stlth    ..........             (no amulet)
HPRegen  0.14/turn              k - ring of positive energy
MPRegen  0.09/turn              (no ring)

@: short of breath, very slow
A: large, repulsion field 1, see invisible, deformed body, frail 1, poison
resistance, slowness 2, slow metabolism 1, spit poison 2, AC +1
a: Breathe Poison Gas


You were on level 3 of the Dungeon.
You were not hungry.

You visited 1 branch of the dungeon, and saw 3 of its levels.

You collected 49 gold pieces.

Inventory:

Hand Weapons
 a - a +0 long sword (weapon)
Armour
 b - a +0 scale mail
 c - a +0 shield (worn)
 l - a cursed +0 crystal plate armour (worn)
Jewellery
 k - a ring of positive energy (left hand)
Potions
 g - a potion of mutation
Comestibles
 f - 2 rations


   Skills:
 - Level 3.0 Fighting
 * Level 4.6 Long Blades
 + Level 2.7 Armour
 + Level 0.9 Dodging
 + Level 2.6 Shields


You had 4 spell levels left.
You didn't know any spells.

Dungeon Overview and Level Annotations

Branches:
Dungeon (3/15)

Altars:
Makhleb


Innate Abilities, Weirdness & Mutations

You cannot wear boots.
Your serpentine skin is tough. (AC +1)
You have supernaturally acute eyesight. (SInv)
Armour fits poorly on your strangely shaped body.
Your system is resistant to poisons. (rPois)
You cover ground very slowly.
You have a slow metabolism.
You can exhale a cloud of poison.
You are surrounded by a mild repulsion field. (EV +2)
You are frail. (-10% HP)


Message History

Beogh smites you!
You hit the orc but do no damage.
The orc is moderately wounded.
You block the orc's attack.
You slash the orc!
You kill the orc!
The orc priest calls down the wrath of Beogh upon you.
Beogh smites you!
* * * LOW HITPOINT WARNING * * *
You closely miss the orc priest. You block the ooze's attack.
The orc priest mumbles some strange prayers to Beogh against you.
Beogh smites you!
* * * LOW HITPOINT WARNING * * *
You barely miss the orc priest. The ooze hits you but does no damage.
The orc priest looks braver for a moment.
It was a potion of degeneration.
There was something very wrong with that liquid.
You feel weakened.
You feel dopey.
You feel clumsy. The ooze hits you.
You die...

###≈≈≈≈≈P.≈..
≈≈≈≈≈≈PP... ≈≈≈P≈≈..#
#≈....# ####.≈..# #
#.......# ## .
####.#####.# ##.
....####....#####.####..
...)).o@................
....####J.......######..
. #..#.###.# ##.
......## # ## .#.##..# #
#.#.#...# ###### # #.#
#.# ...## #.# .# # ##.##
#.#....


You could see an orc priest and an ooze.

Vanquished Creatures
  Natasha (thrice) (D:2)
  An adder (D:2)
  An ooze (D:2)
  3 worms (D:2)
  4 orcs (D:3)
  A giant cockroach (D:3)
  4 goblins
  9 hobgoblins
  5 jackals (D:2)
  5 kobolds
  6 bats
  A frilled lizard (D:1)
  3 rats
46 creatures vanquished.

Notes
Turn   | Place    | Note
-------+----------+-------------------------------------------
     0 | D:1      | Freyura the Naga Fighter began the quest for the Orb.
     0 | D:1      | Reached XP level 1. HP: 21/21 MP: 1/1
   288 | D:1      | Reached XP level 2. HP: 26/28 MP: 2/2
   409 | D:1      | Reached skill level 3 in Long Blades
   923 | D:2      | Reached XP level 3. HP: 27/34 MP: 3/3
  1120 | D:2      | Reached skill level 4 in Long Blades
  1404 | D:2      | Found a burning altar of Makhleb.
  1404 | D:2      | Noticed a blizzard demon
  1408 | D:2      | Noticed a hellwing
  1408 | D:2      | Noticed an orange demon
  1506 | D:2      | Reached XP level 4. HP: 42/42 MP: 4/4
  1704 | D:2      | Noticed Natasha
  1712 | D:2      | Killed Natasha
  1834 | D:2      | Noticed Natasha
  1849 | D:2      | Gained mutation: You can exhale a cloud of poison. [potion of mutation]
  1849 | D:2      | Gained mutation: You are frail. (-10% HP) [potion of mutation]
  1849 | D:2      | Gained mutation: You are surrounded by a mild repulsion field. (EV +2) [potion of mutation]
  1852 | D:2      | Killed Natasha
  1954 | D:2      | Noticed Natasha
  1960 | D:2      | Killed Natasha
  1960 | D:2      | Reached XP level 5. HP: 17/44 MP: 5/5
  2262 | D:3      | HP: 1/44 [orc priest/divine providence (11)]
  2264 | D:3      | Slain by an ooze

Skill      XL: |  1  2  3 |
---------------+----------+-----
Long Blades    | 3 4 |  4.6
Fighting       | |  3.0
Armour         | |  2.7
Dodging        | |  0.9
Shields        | |  2.6

Action                   |  1- 3 |  4- 6 || total
-------------------------+-------+-------++-------
Melee: Long sword        |   120 |    52 ||   172
 Abil: Breathe Poison Ga |       |     1 ||     1
  Use: Scroll            |       |     4 ||     4
       Potion            |       |     3 ||     3
  Eat: Ration            |     2 |       ||     2
Armor: Scale mail        |    61 |       ||    61
       Crystal plate arm |       |    44 ||    44
Dodge: Dodged            |    28 |     2 ||    30
Block: Shield            |    58 |    22 ||    80
       Rpst.: Long sword |     9 |       ||     9
